[Event "44th Chess Olympiad Open 2022"]
[Site "Chennai"]
[Date "2022.08.01"]
[Round "4.73"]
[White "Rurik Capella"]
[Black "Taleka, Jed Selu"]
[Result "1-0"]
[WhiteElo "1952"]
[BlackElo "1672"]
[Annotator "NA RC"]
[PlyCount "73"]
[EventDate "2022.??.??"]
[TimeControl "60"]

1. e4 Nc6 2. d4 d5 3. e5 Bf5 4. Nf3 e6 5. Bd3 Bxd3 6. Qxd3 Nge7 7. Nbd2 a6 8. Nf1 Ng6 9. h4 Nb4 10. Qd1 c5 11. h5 Ne7 12. c3 Nbc6 13.
Ng3 Qc7 14. h6 g6 15. Bg5 Nf5 16. Nxf5 gxf5 17. Rc1 Rg8 18. Kf1 Qb6 19. b3 Rc8 20. Bf6 Rg6 21. Nh4 Rg4 22. Qf3 Kd7 23. Nxf5 Rg6 24. Nh4 Rg8 25. Qd3 cxd4 26. Qxh7 Be7 27. Nf3 dxc3 28. Qxf7 Rcf8 29. h7 Rh8 30. Qg6 Bxf6 31. exf6 d4 32. Qg7+ Kc8 33. Qxf8+ Rxf8 34. h8=Q Rxh8 35. Rxh8+ Qd8 36. Rxd8+ Nxd8 37. Nxd4 1-0

[Event "44th Chess Olympiad Open 2022"]
[Site "Chennai"]
[Date "2022.08.01"]
[Round "4.74"]
[White "Vella, Duncan"]
[Black "Prasad, Rudr"]
[Result "1/2-1/2"]
[WhiteElo "1985"]
[BlackElo "1566"]
[Annotator "NA RC"]
[PlyCount "70"]
[EventDate "2022.??.??"]
[TimeControl "60"]

1. e4 c6 2. d4 d5 3. exd5 cxd5 4. Bd3 Nc6 5. c3 Qc7 6. Ne2 e6 7. Bf4 Bd6 8. Bxd6 Qxd6 9. O-O Nf6 10. f4 Ng4 11. Qe1 g6 12. Ng3 Bd7 13.
Nd2 O-O-O 14. Nb3 h5 15. h3 Nh6 16. Nc5 Nf5 17. b4 h4 18.
Ne2 Ne3 19. Rf3 Nc4 20. a4 b6 21. Nb3 Kb8 22. a5 b5 23.
Nc5 Bc8 24. a6 Ka8 25. Bxc4 dxc4 26. Qb1 Nb8 27. Qa2 Qb6 28. Qa5 Rd6 29. Qxb6 Rxb6 30. Ra5 Nxa6 31. Nxa6 Bxa6 32. Rf1 Bb7 33. Rfa1 a6 34. Kf2 Kb8 35. Ng1 Kc7 1/2-1/2

[Event "44th Chess Olympiad Open 2022"]
[Site "Chennai"]
[Date "2022.08.01"]
[Round "4.74"]
[White "Cilia Vincenti, David"]
[Black "Nadan, Avinesh"]
[Result "1-0"]
[WhiteElo "1904"]
[BlackElo "1540"]
[Annotator "NA RC"]
[PlyCount "135"]
[EventDate "2022.??.??"]
[TimeControl "60"]

1. d4 d5 2. c4 Nf6 3. cxd5 Nxd5 4. Nf3 c6 5. e4 Nf6 6. Nc3 e6 7. Bd3 Be7 8. O-O b6 9. Qe2 Bb7 10. Rd1 Nbd7 11. Bf4 O-O 12. h3 Re8 13. Rac1 Nf8 14. a3 Ng6 15. Bh2 Nh5 16. Qe3 Nh4 17. Nxh4 Bxh4 18. Be2 g6 19. Bxh5 gxh5 20. Be5 f6 21. Bg3 Bg5 22. f4 Bh6 23. Qf3 Qe7 24. Qxh5 Bg7 25. Bh4 Qf8 26. e5 f5 27. Rd3 Qf7 28. Qxf7+ Kxf7 29. Nb5 cxb5 30. Rc7+ Kf8 31. Rxb7 Reb8 32. Rc7 Rc8 33. Rdc3 Rxc7 34. Rxc7 a5 35. Rc6 Rb8 36. Rxe6 b4 37. axb4 a4 38. Rc6 Kf7 39. d5 Ke8 40. Rc7 Bf8 41. d6 Bh6 42. d7+ Kf8 43.
Rc8+ Rxc8 44. dxc8=Q+ Kg7 45. Qxf5 b5 46. Qf6+ Kg8 47. Qxh6 Kf7 48. Kf2 Ke8 49. Ke3 Kd7 50. Kd4 Kc7 51. Kc5 a3 52. Kxb5 axb2 53. Qxh7+ Kc8 54. Qb1 Kd7 55. Be1 Ke6 56. g4 Ke7 57. h4 Kf7 58. f5 Kg7 59. g5 Kf7 60. h5 Kg7 61. e6 Kh7 62. f6+ Kh8 63.
g6 Kg8 64. h6 Kh8 65. Kc4 Kg8 66. Kb3 Kh8 67. Kxb2 Kg8 68. e7 1-0

[Event "44th Chess Olympiad Open 2022"]
[Site "Chennai"]
[Date "2022.08.01"]
[Round "4.74"]
[White "Terubea, Ronald"]
[Black "Pace, Colin"]
[Result "0-1"]
[WhiteElo "1742"]
[BlackElo "2159"]
[Annotator "NA RC"]
[PlyCount "54"]
[EventDate "2022.??.??"]
[TimeControl "60"]

1. e4 c5 2. Bc4 Nc6 3. Nc3 e6 4. a4 Nf6 5. Nf3 d5 6. exd5 exd5 7. Qe2+ Be7 8. Bb5 O-O 9. Bxc6 bxc6 10. O-O Re8 11. h3 Bd6 12. Qd1 h6 13.
d3 Nh7 14. Bd2 Qf6 15. Rb1 Rb8 16. b3 Ng5 17. Nxg5 hxg5 18. Ne2 g4 19. g3 gxh3 20. Nf4 Rb7 21. Re1 Rxe1+ 22. Qxe1 Re7 23. Qf1 Bxf4 24. Bxf4 g5 25. Bd2 Qf3 26. Bxg5 Re2 27. Rc1 h2+ 0-1

[Event "44th Chess Olympiad Open 2022"]
[Site "Chennai"]
[Date "2022.08.01"]
[Round "4.74"]
[White "Jaiswal Prashant S"]
[Black "Darmanin, Jake"]
[Result "1/2-1/2"]
[WhiteElo "1683"]
[BlackElo "2101"]
[Annotator "NA RC"]
[PlyCount "163"]
[EventDate "2022.??.??"]
[TimeControl "60"]

1. d4 Nf6 2. c4 e6 3. Nf3 b6 4. Nc3 Bb7 5. e3 Ne4 6. Be2 f5 7. O-O Be7 8.
Nxe4 Bxe4 9. Ne5 d6 10. Nd3 O-O 11. Nf4 Rf6 12. d5 e5 13.
Ne6 Rxe6 14. dxe6 Bb7 15. Bf3 c6 16. Be2 Qc8 17. b3 Qxe6 18.
Bb2 Nd7 19. Rc1 Nf6 20. Qc2 Rf8 21. Rfd1 g5 22. Bd3 Bc8 23. b4 h5 24. c5 bxc5 25. bxc5 d5 26. Qa4 e4 27. Be2 Qd7 28.
Qd4 Kh7 29. Rb1 h4 30. Bc3 Ne8 31. Rb3 f4 32. exf4 Bf6 33. Qe3 Bxc3 34. Qxc3 gxf4 35. f3 Qe7 36. fxe4 dxe4 37. Rd4 Nf6 38. Qc2 Bf5 39. Bc4 Qe5 40. Rb7+ Kh6 41. Qf2 Kg5 42. Rd1 Ng4 43. Qd4 Qxd4+ 44. Rxd4 f3 45. gxf3 exf3 46. Rg7+ Kh5 47. Rdxg4 Bxg4 48.
Bf7+ Kh6 49. Rxg4 Rxf7 50. Rxh4+ Kg5 51. Re4 Kf5 52. Re3 Rg7+ 53. Kf2 Rg2+ 54. Kxf3 Rxh2 55. Re8 Rxa2 56. Ke3 a5 57. Kd3 a4 58. Kc3 a3 59. Kb3 Ra1 60. Kc2 a2 61. Kb2 Rc1 62. Kxa2 Rxc5 63. Kb3 Rc1 64. Kb2 Rd1 65. Kc3 Kf6 66. Kc4 Rc1+ 67. Kb3 Kf7 68.
Re2 Rd1 69. Kc4 Rc1+ 70. Kb3 Kf6 71. Kb4 c5+ 72. Kb3 Kf5 73.
Kb2 Rc4 74. Kb3 Rc1 75. Kb2 Rd1 76. Kb3 Rd4 77. Kc3 Rf4 78.
Re8 Kg4 79. Re5 Rf5 80. Rxf5 Kxf5 81. Kc4 Ke4 82. Kxc5 1/2-1/2

[Event "44th Chess Olympiad Open 2022"]
[Site "Chennai"]
[Date "2022.08.01"]
[Round "4.75"]
[White "Matola Ernest"]
[Black "Mutabazi Hugues"]
[Result "1-0"]
[WhiteElo "1964"]
[BlackElo "1666"]
[Annotator "NA RC"]
[PlyCount "109"]
[EventDate "2022.??.??"]
[TimeControl "60"]

1. Nf3 Nf6 2. g3 d5 3. Bg2 c5 4. O-O e6 5. d3 Nc6 6. Nbd2 Be7 7. e4 dxe4 8. dxe4 Qc7 9. c3 O-O 10. Re1 e5 11. Nh4 Rd8 12. Qc2 Be6 13. Nf5 Bf8 14. h4 g6 15. Ne3 Rd7 16.
Nf3 h6 17. Nh2 Rad8 18. Qe2 h5 19. Rf1 Bh6 20. Nd5 Nxd5 21.
Bxh6 Nb6 22. Qf3 f5 23. Bg5 Rf8 24. exf5 Rxf5 25. Qe3 Ne7 26. Bh3 Nbd5 27. Qe2 Qc6 28. Rfd1 Rxg5 29. Bxe6+ Qxe6 30. hxg5 Qf5 31. c4 Nb6 32. Rxd7 Nxd7 33. Rd1 Nc6 34. Qf3 Qxf3 35. Nxf3 Nd4 36. Nxd4 exd4 37. f4 Kf7 38. Re1 Nf8 39. Kf2 Ne6 40. Kf3 a6 41. g4 hxg4+ 42. Kxg4 b5 43. b3 bxc4 44. bxc4 Ng7 45. Re5 Ne6 46. f5 gxf5+ 47. Rxf5+ Ke7 48. Kf3 Kd6 49. g6 a5 50. a4 Ke7 51. Rf7+ Ke8 52. Ra7 Kf8 53. Rxa5 Ng5+ 54. Ke2 Ne4 55. Ra7 1-0

[Event "44th Chess Olympiad Open 2022"]
[Site "Chennai"]
[Date "2022.08.01"]
[Round "4.75"]
[White "Chiwambo Stansford"]
[Black "Muheto, Dieudonne"]
[Result "1-0"]
[WhiteElo "1913"]
[BlackElo "1830"]
[Annotator "NA RC"]
[PlyCount "91"]
[EventDate "2022.??.??"]
[TimeControl "60"]

1. c4 Nf6 2. d4 g6 3. Nc3 Bg7 4. e4 d6 5. Be2 O-O 6. Nf3 e5 7. O-O Nc6 8. d5 Ne7 9. b4 Nh5 10. Nd2 Nf4 11. Nb3 f5 12. f3 g5 13. g3 Nxe2+ 14. Qxe2 f4 15. c5 h5 16. Bd2 Ng6 17. Rac1 g4 18. Qg2 h4 19. fxg4 Qg5 20.
gxf4 Nxf4 21. h3 Bd7 22. Rf3 Rf7 23. Bxf4 exf4 24. Rd1 Re8 25. Nd4 Qe5 26. Qf2 Qg5 27. Kh1 Be5 28. Rf1 Qf6 29. Rd1 Qg5 30. Re1 a5 31. a3 axb4 32. axb4 Ra8 33. Nf5 Bxf5 34. gxf5 Kf8 35. Rg1 Qf6 36. Qg2 Qh8 37. Ne2 Rg7 38. Qf2 Rxg1+ 39. Qxg1 Ra1 40. Rf1 Ra3 41. Qg4 Re3 42. f6 Qxf6 43. Nxf4 Bxf4 44. Rxf4 Re1+ 45. Kg2 Re2+ 46. Kf1 1-0

[Event "44th Chess Olympiad Open 2022"]
[Site "Chennai"]
[Date "2022.08.01"]
[Round "4.76"]
[White "Guillaume, Jude Mirvens"]
[Black "Asante Debesai Zerabruk"]
[Result "1/2-1/2"]
[WhiteElo "2022"]
[BlackElo "1785"]
[Annotator "NA RC"]
[PlyCount "109"]
[EventDate "2022.??.??"]
[TimeControl "60"]

1. d4 Nf6 2. c4 g6 3. Bf4 Bg7 4. Nc3 d5 5. e3 O-O 6. Nf3 c5 7. Be2 cxd4 8.
Nxd4 Nc6 9. Nxc6 bxc6 10. O-O Ne4 11. Nxe4 dxe4 12. Qc2 e5 13. Bg3 h5 14. f3 h4 15. Be1 exf3 16. Bxf3 Bf5 17. Be4 Bd7 18. Rd1 Qe7 19. Qa4 h3 20. g3 Bg4 21. Rc1 Bh6 22. Bf2 Rab8 23.
Qc2 Rfd8 24. Bxc6 Qc5 25. Bd5 Kg7 26. b3 Bxe3 27. Bxe3 Qxe3+ 28. Qf2 Qxf2+ 29. Kxf2 Rd6 30. Ke3 f6 31. Rc2 a5 32. Rb2 Rbd8 33.
a3 Kf8 34. b4 axb4 35. axb4 Ra6 36. Rb3 Ke7 37. b5 Ra2 38. Rf2 Rxf2 39. Kxf2 Be6 40. Bxe6 Kxe6 41. c5 Rb8 42. g4 Kd5 43. c6 Kd6 44. Kg3 Rh8 45. Rd3+ Kc5 46. c7 Rc8 47. Kxh3 Rxc7 48. Rc3+ Kb6 49. Rxc7 Kxc7 50. Kg3 g5 51. h4 gxh4+ 52. Kxh4 Kb6 53. g5 fxg5+ 54. Kxg5 Kxb5 55. Kf5 1/2-1/2

[Event "44th Chess Olympiad Open 2022"]
[Site "Chennai"]
[Date "2022.08.01"]
[Round "4.76"]
[White "Kibrom Weldegebriel Beraki"]
[Black "Jean Louis, Marckens"]
[Result "1-0"]
[WhiteElo "1793"]
[BlackElo "2050"]
[Annotator "NA RC"]
[PlyCount "157"]
[EventDate "2022.??.??"]
[TimeControl "60"]

1. d4 Nf6 2. c4 g6 3. Nc3 d5 4. Nf3 Bg7 5. Qb3 c6 6. Bf4 O-O 7. e3 b6 8. cxd5 Nxd5 9. Nxd5 Qxd5 10. Bc4 Qa5+ 11. Kf1 Ba6 12. h4 Nd7 13. h5 gxh5 14. Kg1 Bxc4 15. Qxc4 Qd5 16. Qe2 Qf5 17. Rh3 Nf6 18. Be5 Ng4 19. e4 Qg6 20. Nh4 Qe6 21. Bxg7 Kxg7 22. Nf5+ Kh8 23. Rxh5 Nf6 24. Rh4 Rg8 25. Qf3 Rg5 26. Nh6 Rg7 27. Rc1 Rd8 28. Rc3 Ng8 29. Nf5 Rg6 30. Qh3 h6 31. Rg3 Kh7 32. Rxg6 Qxg6 33. Rg4 Qe6 34. Qh5 Kh8 35. f3 Qf6 36. e5 Qe6 37. Rh4 Kh7 38. Qg4 Qg6 39. Qf4 e6 40.
Nd6 f5 41. Rh3 Ne7 42. Rxh6+ Qxh6 43. Qxh6+ Kxh6 44. Nf7+ Kg6 45.
Nxd8 f4 46. Nxe6 Kf5 47. Nd8 c5 48. dxc5 Kxe5 49. cxb6 axb6 50. Kf2 Nf5 51. Nf7+ Kf6 52. Nd8 Ke5 53. a4 Ne3 54. b4 Nc2 55.
a5 Nxb4 56. axb6 Kd6 57. b7 Na6 58. Nf7+ Kc7 59. Ng5 Nc5 60.
Nh3 Ne6 61. Ke2 Kxb7 62. Kd3 Kc6 63. Ke4 Kd6 64. Nxf4 Ng7 65.
g4 Ke7 66. Ke5 Kf7 67. Ng2 Kg6 68. f4 Ne8 69. Nh4+ Kf7 70. g5 Ng7 71. f5 Nh5 72. Ng2 Ng3 73. Nf4 Kg7 74. Ne6+ Kg8 75. g6 Nh5 76. f6 Nxf6 77. Kxf6 Kh8 78. g7+ Kg8 79. Nd4 1-0

[Event "44th Chess Olympiad Open 2022"]
[Site "Chennai"]
[Date "2022.08.01"]
[Round "4.76"]
[White "Samuel Merhawi Gebrehiwet"]
[Black "Germinal, Kemly"]
[Result "0-1"]
[WhiteElo "1616"]
[BlackElo "1997"]
[Annotator "NA RC"]
[PlyCount "114"]
[EventDate "2022.??.??"]
[TimeControl "60"]

1. Nf3 Nc6 2. d4 d5 3. c4 e6 4. a3 Nf6 5. Nc3 Be7 6. Bf4 O-O 7. h3 a6 8. e3 Nb8 9. Rc1 Nbd7 10. cxd5 exd5 11. Bd3 c6 12. O-O Re8 13. Re1 Nf8 14. Ne5 Ng6 15. Bh2 Bd6 16. f4 Nh4 17. Qc2 g6 18.
Qf2 Nf5 19. g4 Ng7 20. Bg3 h5 21. Bh4 Be7 22. f5 Nxg4 23. Bxe7 Nxf2 24. Bxd8 Nxd3 25. Nxd3 Rxd8 26. fxg6 fxg6 27. Kh2 Rf8 28. e4 Rf3 29. Rcd1 Rxh3+ 30. Kg2 dxe4 31. Nxe4 Rh4 32. Nf6+ Kf7 33. Nh7 Nf5 34. Ne5+ Kg7 35. Ng5 Rxd4 36. Rxd4 Nxd4 37. Nc4 b5 38. Nd6 Bf5 39. Ne8+ Kf8 40. Nh7+ Kg8 41. Nef6+ Kf7 42. Rd1 Rd8 43. b4 g5 44. Kh1 Bxh7 45. Nxh7 Kg6 46. Nf8+ Rxf8 47. Rxd4 Rf3 48. a4 Rc3 49. axb5 axb5 50. Kh2 Kf5 51. Rd6 h4 52. Rh6 Kg4 53. Rd6 Rc2+ 54. Kh1 h3 55. Rd1 Kh4 56. Rd4+ g4 57. Rd6 Rc1+ 0-1

[Event "44th Chess Olympiad Open 2022"]
[Site "Chennai"]
[Date "2022.08.01"]
[Round "4.77"]
[White "Matoewi, Roger"]
[Black "Ismael, Mohamed Goumaneh"]
[Result "1-0"]
[WhiteElo "2015"]
[BlackElo "1473"]
[Annotator "NA RC"]
[PlyCount "75"]
[EventDate "2022.??.??"]
[TimeControl "60"]

1. e4 e5 2. Nf3 Nc6 3. Bc4 d6 4. h3 h6 5. c3 Nf6 6. d3 Be7 7. O-O O-O 8. Re1 Bd7 9. d4 exd4 10. cxd4 Na5 11. Bf1 d5 12. exd5 Nxd5 13. Bd2 c6 14. Ne5 Bf5 15. a3 c5 16. dxc5 Nc6 17. Nxc6 bxc6 18. Qf3 Qd7 19. Qg3 Bg6 20. Nc3 Bxc5 21. Nxd5 cxd5 22. Bf4 Rfe8 23. b4 Bd4 24. Rxe8+ Rxe8 25. Rd1 Bb6 26. Qb3 Qf5 27. Bg3 d4 28. Bd3 Qf6 29. a4 Bh5 30. Rc1 a5 31. bxa5 Bxa5 32. Rc5 Re1+ 33. Kh2 Bd1 34. Rxa5 g6 35. Qb8+ Kh7 36. Be5 Rxe5 37. Qxe5 Qxf2 38. Ra8 1-0

[Event "44th Chess Olympiad Open 2022"]
[Site "Chennai"]
[Date "2022.08.01"]
[Round "4.77"]
[White "Giasi, Viresh"]
[Black "Mohamed Ali Dima"]
[Result "1-0"]
[WhiteElo "2006"]
[BlackElo "1582"]
[Annotator "NA RC"]
[PlyCount "95"]
[EventDate "2022.??.??"]
[TimeControl "60"]

1. e4 d6 2. d4 Nf6 3. Nc3 g6 4. f4 Bg7 5. Nf3 Bg4 6. Be2 O-O 7. Be3 c6 8. Qd2 b5 9. a3 a5 10. e5 b4 11. axb4 axb4 12. Rxa8 bxc3 13. Qxc3 Nd5 14. Qd2 Nxe3 15. Qxe3 Qb6 16. b3 Qb7 17. Ra4 Nd7 18. h3 Be6 19. O-O Nb6 20.
Ra3 Nd5 21. Qd2 Bh6 22. Ng5 Bf5 23. g4 Bd7 24. c4 Nb4 25.
exd6 exd6 26. Ne4 f5 27. Nxd6 Qb8 28. g5 Bxg5 29. fxg5 Qxd6 30. Qf4 Qe7 31. Ra7 Qxe2 32. Rxd7 Nd3 33. Qf3 Qe6 34. Rb7 Ne1 35. Qg3 Re8 36. Rb8 Nc2 37. Rxe8+ Qxe8 38. Qe5 Qd8 39. Qe6+ Kf8 40. Qf6+ Qxf6 41. gxf6 Nxd4 42. b4 Kf7 43. Rd1 Nf3+ 44. Kf2 Ne5 45. b5 cxb5 46. cxb5 Kxf6 47. b6 Ke7 48. Re1 1-0

[Event "44th Chess Olympiad Open 2022"]
[Site "Chennai"]
[Date "2022.08.01"]
[Round "4.79"]
[White "Prudente, Elmer"]
[Black "Esungi, Guy Botetsi"]
[Result "1-0"]
[WhiteElo "1995"]
[BlackElo "1481"]
[Annotator "NA RC"]
[PlyCount "43"]
[EventDate "2022.??.??"]
[TimeControl "60"]

1. e4 e5 2. Nf3 d6 3. d4 exd4 4. Nxd4 Bd7 5. Bc4 Nf6 6. Nc3 Be7 7. O-O O-O 8. h3 Nc6 9. Be3 Nxd4 10. Bxd4 Qc8 11. f4 Bxh3 12. gxh3 Qxh3 13. Qf3 Qxf3 14. Rxf3 Nh5 15. Nd5 Bd8 16. Rh3 g6 17. Rxh5 gxh5 18.
Nf6+ Bxf6 19. Bxf6 Rae8 20. Kf2 h6 21. e5 Kh7 22. Bd3+ 1-0

[Event "44th Chess Olympiad Open 2022"]
[Site "Chennai"]
[Date "2022.08.01"]
[Round "4.79"]
[White "Mimbasa Kutesa, Willy"]
[Black "Mafnas, Peter"]
[Result "0-1"]
[WhiteElo "1755"]
[BlackElo "2039"]
[Annotator "NA RC"]
[PlyCount "80"]
[EventDate "2022.??.??"]
[TimeControl "60"]

1. e4 c6 2. d4 d5 3. e5 Bf5 4. Be3 e6 5. Nf3 Nd7 6. Nbd2 c5 7. c3 Qb6 8. Nh4 Bg6 9. Nxg6 hxg6 10. Bd3 Nh6 11. O-O c4 12. Bc2 Be7 13. Nf3 Nf5 14. Bg5 Qd8 15. Qd2 Nh4 16. Bxh4 Bxh4 17. Ba4 a6 18. Bxd7+ Qxd7 19. Nxh4 Rxh4 20. b3 cxb3 21. axb3 Qb5 22. g3 Re4 23. Rfe1 Rxe1+ 24. Rxe1 Qxb3 25. h4 a5 26. h5 gxh5 27. Qd3 g6 28. Rb1 Qc4 29. Qxc4 dxc4 30. Rxb7 a4 31. Rb2 a3 32. Ra2 Kd7 33. Kf1 Kc6 34. Ke1 Kb5 35. Kd2 Ka4 36. Kc2 Rb8 37. f4 Rb3 38. Ra1 Rb2+ 39. Kd1 Rg2 40.
Rb1 a2 0-1

[Event "44th Chess Olympiad Open 2022"]
[Site "Chennai"]
[Date "2022.08.01"]
[Round "4.79"]
[White "Masiala Mayuku, Eddy"]
[Black "Soriano, Rudolph P."]
[Result "1-0"]
[WhiteElo "1574"]
[BlackElo "1824"]
[Annotator "NA RC"]
[PlyCount "73"]
[EventDate "2022.??.??"]
[TimeControl "60"]

1. d4 Nf6 2. Nf3 e6 3. g3 d5 4. Bg2 Be7 5. O-O O-O 6. Re1 Nbd7 7. Qd3 c5 8. c3 c4 9. Qc2 Ne4 10. Nbd2 f5 11. Nf1 g5 12. N3d2 Qe8 13.
f3 Nd6 14. e4 fxe4 15. fxe4 Qg6 16. Qd1 Qf7 17. Nf3 Nxe4 18. N1d2 Nxd2 19. Qxd2 Kh8 20. Rf1 Qg6 21. Qe2 h6 22. Bd2 Bd6 23. Rae1 Nf6 24. Ne5 Qg7 25. Rf2 Bxe5 26. dxe5 Nh7 27. Rxf8+ Nxf8 28. Be3 Bd7 29. Rf1 Nh7 30. Qg4 b6 31. Bd4 Kg8 32. Bxd5 exd5 33. e6 h5 34. Qf5 Rf8 35. Bxg7 Rxf5 36. Rxf5 Bxe6 37. Re5 1-0

[Event "44th Chess Olympiad Open 2022"]
[Site "Chennai"]
[Date "2022.08.01"]
[Round "4.80"]
[White "Hashem, Khaled"]
[Black "Mbongeni, Mabuza"]
[Result "1-0"]
[WhiteElo "1870"]
[BlackElo "1669"]
[Annotator "NA RC"]
[PlyCount "97"]
[EventDate "2022.??.??"]
[TimeControl "60"]

1. d4 Nf6 2. Nf3 d5 3. Bg5 e6 4. e3 Be7 5. Bd3 O-O 6. Nbd2 Nbd7 7. O-O h6 8. Bh4 b6 9. c3 Bb7 10. Qb1 c5 11. b4 c4 12. Bc2 b5 13. a4 a6 14. a5 Re8 15. Re1 Qc7 16. e4 dxe4 17. Nxe4 Nxe4 18. Bxe4 Bxh4 19. Nxh4 Nf6 20. Bxb7 Qxb7 21. f4 Nd5 22. Qc1 Qe7 23. g3 Qf6 24. Re5 Rad8 25. Qd2 Kh8 26. Rf1 g6 27. Ng2 Rg8 28. Rf2 Rd6 29. g4 Qg7 30. Re1 f5 31. g5 hxg5 32. fxg5 Re8 33. Re5 Kg8 34. Rfe2 Kf7 35. Nf4 Nc7 36. Qe1 Qf8 37. R2e3 Qe7 38. Qg3 Rh8 39. h4 Qd7 40. Qe1 Qc6 41. h5 Rxh5 42. Nxh5 gxh5 43. g6+ Kg7 44. Qh4 Qe8 45. Rxf5 Rd5 46. Rf7+ Kh6 47. Re5 Rxe5 48. dxe5 Nd5 49. Rh7+ 1-0

[Event "44th Chess Olympiad Open 2022"]
[Site "Chennai"]
[Date "2022.08.01"]
[Round "4.80"]
[White "Alhejab, Meshal"]
[Black "Sihlongonyane, Sikhanyiso"]
[Result "1-0"]
[WhiteElo "1732"]
[BlackElo "1658"]
[Annotator "NA RC"]
[PlyCount "65"]
[EventDate "2022.??.??"]
[TimeControl "60"]

1. e4 c5 2. Nf3 d6 3. d4 cxd4 4. Nxd4 Nf6 5. Nc3 a6 6. Be2 e5 7. Nb3 Be7 8. Be3 Be6 9. Qd3 Nbd7 10. Nd5 Bxd5 11. exd5 b5 12. a4 Rb8 13. axb5 axb5 14. Na5 Ra8 15. Qxb5 O-O 16. O-O Nc5 17. Nc6 Qc7 18. Bxc5 dxc5 19. Nxe7+ Qxe7 20. Rxa8 Rxa8 21. Qc6 Rd8 22. Rd1 Qd6 23. Bb5 Kf8 24. c4 Qxc6 25. Bxc6 Ke7 26. Ra1 Rb8 27. Ra7+ Kf8 28. Bb5 Nxd5 29. cxd5 Rxb5 30. d6 f6 31. Ra8+ Kf7 32. d7 Rxb2 33. h4 1-0

[Event "44th Chess Olympiad Open 2022"]
[Site "Chennai"]
[Date "2022.08.01"]
[Round "4.80"]
[White "Hlophe, Smilo"]
[Black "Hussain, Hashem"]
[Result "1-0"]
[WhiteElo "1731"]
[BlackElo "1757"]
[Annotator "NA RC"]
[PlyCount "89"]
[EventDate "2022.??.??"]
[TimeControl "60"]

1. d4 Nf6 2. g3 g6 3. Bg2 Bg7 4. e4 d6 5. Ne2 O-O 6. Nbc3 e5 7. h3 Nc6 8. Be3 a6 9. a4 a5 10. Qd2 Re8 11. O-O Bd7 12. d5 Nb4 13. g4 h5 14. g5 Nh7 15. h4 Rf8 16. f4 f5 17. Ng3 Qe7 18. exf5 Bxf5 19. Nxf5 gxf5 20. Bf3 e4 21. Bxh5 Rad8 22. Rf2 Na6 23. Bd4 Nc5 24. Re1 c6 25. b3 Rd7 26. Nd1 cxd5 27.
Ne3 Qe6 28. Bxg7 Rxg7 29. Rg2 Kh8 30. Qxd5 Rd8 31. Qxe6 Nxe6 32. Nxf5 Nxf4 33. Nxg7 Kxg7 34. Bg4 Nxg2 35.
Kxg2 d5 36. Kg3 Nf8 37. h5 Rd6 38. Kf4 Rc6 39. Re2 Nh7 40.
Bf5 Nf8 41. Ke5 Rc5 42. h6+ Kf7 43. Rh2 Ng6+ 44. Bxg6+ Kxg6 45. h7 1-0

[Event "44th Chess Olympiad Open 2022"]
[Site "Chennai"]
[Date "2022.08.01"]
[Round "4.80"]
[White "Nxumalo, Vuyo"]
[Black "Al Ibrahim, Abdulrahman"]
[Result "0-1"]
[WhiteElo "1493"]
[BlackElo "1822"]
[Annotator "NA RC"]
[PlyCount "54"]
[EventDate "2022.??.??"]
[TimeControl "60"]

1. e4 e6 2. g3 d5 3. Bg2 dxe4 4. Bxe4 Nf6 5. Bg2 Bc5 6. Ne2 e5 7. Nbc3 Nc6 8. d3 O-O 9. O-O Bg4 10. Kh1 Qd7 11. Bg5 Nh5 12. Be3 Bd6 13.
Ne4 Ne7 14. Nxd6 cxd6 15. f3 Bh3 16. g4 Bxg2+ 17. Kxg2 Nf6 18. Ng3 Nfd5 19. Bd2 f5 20. g5 Ng6 21. Ne2 f4 22. c4 Nh4+ 23.
Kf2 Qh3 24. Qb3 Qxf3+ 25. Ke1 Ng2+ 26. Kd1 Qxf1+ 27. Kc2 Nge3+ 0-1

[Event "44th Chess Olympiad Open 2022"]
[Site "Chennai"]
[Date "2022.08.01"]
[Round "4.81"]
[White "Koumba, Mounguen Jose Evrar"]
[Black "Chinasamy, Devarajen"]
[Result "1-0"]
[WhiteElo "1942"]
[BlackElo "1970"]
[Annotator "NA RC"]
[PlyCount "63"]
[EventDate "2022.??.??"]
[TimeControl "60"]

1. e4 c6 2. d4 d5 3. e5 c5 4. Nf3 Nc6 5. Bb5 Qb6 6. Nc3 e6 7. Be3 a6 8.
Bxc6+ Qxc6 9. O-O Ne7 10. dxc5 Nf5 11. Nd4 Nxe3 12. fxe3 Qxc5 13. Qf3 Qc7 14. Rf2 Bc5 15. Raf1 O-O 16. Qh5 g6 17. Qg5 Be7 18. Qf4 b5 19. Rf3 Ra7 20. Rh3 f6 21. Qh4 Bd8 22. exf6 b4 23.
Ncb5 axb5 24. Nxb5 Qf7 25. Nxa7 Ba6 26. Rf2 e5 27. Nc6 Bc7 28. Ne7+ Kh8 29. Qxh7+ Qxh7 30. Nxg6+ Kg8 31. Rxh7 Rc8 32. Rg7# 1-0

[Event "44th Chess Olympiad Open 2022"]
[Site "Chennai"]
[Date "2022.08.01"]
[Round "4.81"]
[White "Goorsahye, Antoine"]
[Black "Bongo Akanga Ndjila, Barthelemy"]
[Result "0-1"]
[WhiteElo "1783"]
[BlackElo "1803"]
[Annotator "NA RC"]
[PlyCount "116"]
[EventDate "2022.??.??"]
[TimeControl "60"]

1. e4 d6 2. d4 g6 3. Nf3 Bg7 4. Bd3 Nf6 5. h3 c6 6. O-O O-O 7. c3 b5 8. Be3 Nbd7 9. Na3 a6 10. Nc2 Qc7 11. Qd2 Re8 12. Rfe1 c5 13.
Bh6 Bh8 14. e5 c4 15. exf6 cxd3 16. Rxe7 Rxe7 17. fxe7 Nf6 18.
Re1 Be6 19. Qxd3 Re8 20. Bg5 Bf5 21. Qe2 Bxc2 22. Qxc2 Rxe7 23. Rxe7 Qxe7 24. Qd2 Qe6 25. Bxf6 Bxf6 26. d5 Qe4 27. Qe3 Qb1+ 28. Kh2 Qxa2 29. Qf4 Be7 30. Qe4 Bf6 31. Qf4 Be7 32. Qe4 Bf8 33. b4 Qxf2 34. Nd4 Bh6 35. Nf3 Bd2 36. Nxd2 Qxd2 37. Qe8+ Kg7 38. Qc6 Qf4+ 39. Kg1 Qc1+ 40. Kh2 Qf4+ 41. Kg1 Qe5 42. Kf2 h5 43. Kf1 g5 44. Kf2 g4 45. hxg4 hxg4 46. g3 Qf5+ 47. Kg2 Qf3+ 48. Kh2 Qf2+ 49. Kh1 Qxg3 50. Qc8 Qf3+ 51. Kg1 g3 52. Qh3 Qf2+ 53. Kh1 Qh2+ 54. Qxh2 gxh2 55. Kxh2 Kf6 56. Kg3 Ke5 57. Kg4 Kxd5 58. Kf5 Kc4 0-1

[Event "44th Chess Olympiad Open 2022"]
[Site "Chennai"]
[Date "2022.08.01"]
[Round "4.82"]
[White "Strovsky, Mikhail"]
[Black "Morgan, Jamie"]
[Result "0-1"]
[WhiteElo "2158"]
[BlackElo "1753"]
[Annotator "NA RC"]
[PlyCount "44"]
[EventDate "2022.??.??"]
[TimeControl "60"]

1. e4 c5 2. Nf3 g6 3. c3 d5 4. exd5 Qxd5 5. d4 Bg7 6. Be3 cxd4 7. Nxd4 Nf6 8. Qa4+ Bd7 9. Qc4 O-O 10. Nd2 a6 11. N2f3 Nc6 12. Rd1 b5 13. Qxd5 Nxd5 14. Nxc6 Bxc6 15. Bg5 h6 16. Bh4 e5 17. c4 Nf4 18. Bg3 Rfe8 19. Rd6 Rac8 20. b3 Bf8 21. Rd1 Bxf3 22. gxf3 Bb4+ 0-1

[Event "44th Chess Olympiad Open 2022"]
[Site "Chennai"]
[Date "2022.08.01"]
[Round "4.82"]
[White "Brookfield, Toby"]
[Black "Egbe, Kossi Thierry"]
[Result "1-0"]
[WhiteElo "1815"]
[BlackElo "1703"]
[Annotator "NA RC"]
[PlyCount "119"]
[EventDate "2022.??.??"]
[TimeControl "60"]

1. e4 e5 2. d4 exd4 3. Qxd4 Nc6 4. Qe3 Nf6 5. Nc3 Bb4 6.
Bd2 O-O 7. O-O-O Re8 8. Qg3 Nxe4 9. Nxe4 Rxe4 10. Bxb4 Rxb4 11. a3 Rb6 12. Ne2 d5 13. Nc3 Ne7 14. Bd3 c5 15. Rhe1 Be6 16.
f4 Rc8 17. f5 Bxf5 18. Bxf5 Nxf5 19. Qh3 Nd4 20. Nxd5 Re6 21. Rxe6 fxe6 22. Nf4 e5 23. Nd5 Rc6 24. Nc3 b5 25. Qd3 b4 26. Qc4+ Kh8 27. Ne4 Qg8 28. Qxg8+ Kxg8 29. axb4 cxb4 30. c3 bxc3 31. bxc3 Nb5 32. Kc2 Rc4 33. Kd3 Rc7 34. Rf1 h6 35. Rf5 Re7 36. Kc4 a6 37. Kd5 Rd7+ 38. Kxe5 Re7+ 39. Kd5 Rxe4 40. Kxe4 Nd6+ 41. Ke5 Nxf5 42. Kxf5 Kf7 43. Ke5 Ke7 44. Kd5 Kd7 45. Kc5 Kc7 46. g4 g5 47. c4 Kb7 48. Kd6 a5 49. Kc5 Kc7 50. Kb5 Kd6 51. c5+ Kd7 52. Kxa5 Kc7 53.
Kb5 Kb7 54. c6+ Kc8 55. Kb6 Kb8 56. c7+ Kc8 57. Kc6 h5 58.
gxh5 g4 59. h6 g3 60. h7 1-0